AoeStats
← TheLegendJTL

Arena

504271355Analyzed
1v1 RM · 26d ago on Sep 4, 2026· 89m 31s· 2 players
Game mode
Random Map
Map size
Tiny (2 player)
Population
200
Speed
Normal
Resources
Standard
Victory
Conquest
Starting age
Dark Age
Ending age
Imperial Age
RankedLock teamsTeams togetherTeam positionsShared explorationLock speedFull tech treeHidden civsTurbo modeCheats
Victory
Defeat
🇺🇸 Japanese · United States
90
+14
🇷🇴 Burgundians · Romania
56
-14
Brașoveanu'
0:42 Loom
10:32 Feudal Age
9:46 Double-Bit Axe
12:57 Wheelbarrow
15:28 Bow Saw
16:44 Hand Cart
21:50 Gold Mining
21:51 Stone Mining
25:37 Castle Age
24:58 Stone Shaft Mining
25:00 Gold Shaft Mining
27:35 Two-Man Saw
42:54 Imperial Age
41:23 Cavalier
42:04 Husbandry
42:18 Forging
42:08 Scale Mail Armor
42:14 Scale Barding Armor
45:57 Iron Casting
45:38 Chain Mail Armor
45:43 Chain Barding Armor
47:34 Burgundian Vineyards
47:00 Flemish Revolution
46:52 Elite Coustillier
47:42 Paladin
47:47 Pikeman
48:27 Squires
47:51 Man-at-Arms
49:35 Blast Furnace
49:06 Plate Mail Armor
49:12 Plate Barding Armor
62:34 Halberdier
67:44 Long Swordsman
75:58 Two-Handed Swordsman
78:31 Champion
84:56 Onager
85:06 Onager
TheLegendJTL
12:19 Feudal Age
14:19 Double-Bit Axe
19:19 Wheelbarrow
19:01 Horse Collar
22:10 Town Watch
26:42 Castle Age
26:48 Gold Mining
26:54 Stone Mining
28:26 Bow Saw
28:49 Scale Barding Armor
28:58 Forging
29:05 Scale Mail Armor
29:56 Hand Cart
30:16 Heavy Plow
31:13 Yasama
34:28 Ballistics
34:10 Murder Holes
39:35 Imperial Age
43:04 Guard Tower
43:06 Arrowslits
45:40 Conscription
46:35 Two-Man Saw
46:15 Town Patrol
47:21 Keep
47:33 Hoardings
47:59 Arson
48:15 Squires
48:02 Gambesons
47:39 Pikeman
47:41 Man-at-Arms
50:00 Gold Shaft Mining
50:20 Long Swordsman
51:27 Fortified Wall
51:50 Halberdier
52:44 Two-Handed Swordsman
55:18 Champion
57:50 Elite Samurai
64:35 Iron Casting
64:23 Chain Barding Armor
64:20 Chain Mail Armor
66:18 Kataparuto
74:09 Blast Furnace
73:40 Plate Mail Armor
Connection lost

Rejoining the realm…

Still unreachable

The connection could not be restored.

Session expired

The server has moved on; the page needs a fresh start.